 Dungeon Crawl Stone Soup version 0.24.1 (webtiles) character file.

Game seed: 11281775006691670130, levelgen mode: deterministic

13138 MajorAdolf the Cleaver (level 11, -2/97 HPs)
             Began as a Minotaur Fighter on Mar 31, 2020.
             Was a Priest of Makhleb.
             Killed from afar by an electric eel (6 damage)
             ... with a bolt of electricity
             ... while petrified by Jorgrun
             ... on level 12 of the Dungeon.
             The game lasted 00:16:04 (12305 turns).

MajorAdolf the Cleaver (Minotaur Fighter)          Turns: 12305, Time: 00:16:05

Health: -2/97      AC: 15    Str: 23    XL:     11   Next: 71%
Magic:  13/13      EV:  2    Int:  5    God:    Makhleb [***...]
Gold:   817        SH:  0    Dex: 14    Spells: 10/10 levels left

rFire    . . .     SeeInvis .   a - +1 war axe
rCold    . . .     Gourm    .   c - +0 shield
rNeg     + + +     Faith    .   b - +0 scale mail
rPois    ∞         Spirit   .   (helmet restricted)
rElec    .         Reflect  .   (no cloak)
rCorr    .         Harm     .   k - +0 pair of gloves
MR       .....                  z - +1 pair of boots
Stlth    ..........             q - amulet of rage
HPRegen  0.26/turn              n - +3 ring of dexterity
MPRegen  0.13/turn              H - +3 ring of protection

@: petrified, very slow
A: retaliatory headbutt, horns 2
a: Minor Destruction, Lesser Servant of Makhleb, Renounce Religion, Evoke
Berserk Rage


You were on level 12 of the Dungeon.
You worshipped Makhleb.
Makhleb was most pleased with you.
You were very hungry.

You visited 2 branches of the dungeon, and saw 13 of its levels.
You also visited: Sewer.

You collected 817 gold pieces.

Inventory:

Hand Weapons
 a - a +1 war axe (weapon)
Armour
 b - a +0 scale mail (worn)
 c - a +0 shield (worn)
 k - a +0 pair of gloves (worn)
 z - a +1 pair of boots (worn)
Jewellery
 h - an uncursed ring of positive energy
 i - an uncursed ring of see invisible
 n - a +3 ring of dexterity (left hand)
 q - an amulet of rage (around neck)
 B - a cursed amulet of inaccuracy {unknown}
 E - an uncursed ring of flight
 H - a +3 ring of protection (right hand)
 J - an uncursed ring of fire {unknown}
Wands
 d - a wand of scattershot (3)
 r - a wand of digging (7)
 t - a wand of random effects (13)
 C - a wand of acid (16)
Scrolls
 l - 6 scrolls of teleportation
 u - 2 scrolls of enchant weapon
 v - a scroll of immolation
 w - 2 scrolls of enchant armour
 x - 7 scrolls of remove curse
 y - 2 scrolls of magic mapping
 G - 3 scrolls of identify {unknown}
 I - 2 scrolls of fog {unknown}
 K - a scroll of noise {unknown}
 L - a scroll of acquirement {unknown}
Potions
 e - 2 potions of agility
 j - 4 potions of berserk rage {unknown}
 m - 2 potions of lignification
 o - 5 potions of flight {unknown}
 p - 3 potions of curing
 s - 2 potions of cancellation {unknown}
 A - a potion of magic {unknown}
 D - 2 potions of mutation {unknown}
 F - a potion of heal wounds {unknown}
 N - a potion of degeneration {unknown}
Comestibles
 f - 32 rations


   Skills:
 + Level 9.5 Fighting
 + Level 12.9 Axes
 + Level 10.3 Armour
 + Level 5.5 Dodging
 + Level 10.4 Shields
 + Level 5.1 Invocations


You had 10 spell levels left.
You didn't know any spells.
Your spell library contained the following spells:

 Spells                   Type           Power        Failure   Level  Hunger
 Flame Tongue             Conj/Fire      #....        90%         1    ##.....
 Throw Flame              Conj/Fire      #.....       97%         2    ###....
 Conjure Flame            Conj/Fire      #.......     99%         3    ####...
 Inner Flame              Hex/Fire       #.......     99%         3    ####...
 Sticky Flame             Conj/Fire      #.......     100%        4    #####..
 Fireball                 Conj/Fire      #.........   100%        5    ######.


Dungeon Overview and Level Annotations

Branches:
Dungeon (12/15)            Temple (1/1) D:6            Lair (0/6) D:11
  Sewer (visited)
    Orc: D:9-12

Altars:
Ashenzari
Cheibriados
Dithmenos
Elyvilon
Fedhas
Gozag
Hepliaklqana
Kikubaaqudgha
Makhleb
Nemelex Xobeh
Okawaru
Qazlal
Ru
Sif Muna
Trog
Uskayaw
Vehumet
Wu Jian
Xom
Yredelemnul
Zin
The Shining One

Annotations:
D:12 Jorgrun


Innate Abilities, Weirdness & Mutations

You reflexively headbutt those who attack you in melee.
You have a pair of horns on your head.


Message History

The bolt of electricity hits you but does no damage.
The bolt of electricity hits you.
* * * LOW HITPOINT WARNING * * *
The electric eel shoots out a bolt of lightning at you!
The bolt of electricity hits the electric eel.
The electric eel completely resists.
The bolt of electricity hits you!
* * * LOW HITPOINT WARNING * * *
The electric eel shoots out a bolt of lightning at you!
The bolt of electricity hits you.
* * * LOW HITPOINT WARNING * * *
The electric eel shoots out a bolt of lightning at you!
The bolt of electricity hits you!
* * * LOW HITPOINT WARNING * * *
The bolt of electricity hits you!
* * * LOW HITPOINT WARNING * * *
The ogre hits you with a +0 giant club.
The electric eel shoots out a bolt of lightning at you!
The bolt of electricity hits the electric eel.
The electric eel completely resists.
The bolt of electricity hits you!
You die...

# #. #.#
###.≈##
...≈≈≈.
##≈≈≈≈O##
#≈≈≈≈≈≈@#
≈≈≈≈≈≈≈≈≈#
≈≈≈....≈≈#
≈≈≈;≈≈..≈#
≈≈≈;≈≈≈.?.
#≈≈###≈≈≈##
+≈; #≈≈≈.
#..≈≈###≈
#≈≈..
#..≈≈≈≈


You could see an ogre and 3 electric eels.

Vanquished Creatures
  A centaur warrior (D:11)
  A two-headed ogre (D:10)
  Erica (D:10)
  Nergalle (D:10)
  Pikel (D:5)
  An ugly thing (D:11)
  A manticore (D:12)
  Psyche (D:9)
  A gargoyle (D:10)
  A hornet (D:8)
  3 trolls
  Prince Ribbit (D:9)
  3 slime creatures (D:12)
  A hippogriff (D:8)
  A water elemental (D:12)
  A spriggan (D:9)
  A wraith (D:11)
  A hungry ghost (D:9)
  A soldier ant (D:12)
  A water moccasin (D:10)
  5 orc warriors
  Purgy (Sewer)
  A sky beast (D:5)
  A slave (D:5)
  6 ice beasts
  2 eyes of draining
  5 phantoms
  4 ogres
  2 wolves (D:11)
  2 centaurs
  2 big kobolds (D:12)
  Blork the orc (D:4)
  7 bullfrogs
  2 scorpions (D:4)
  12 killer bees
  5 wights (D:9)
  5 electric eels (D:11)
  9 howler monkeys
  3 crimson imps
  8 hounds
  4 jellies
  11 orc wizards
  4 bullfrog zombies
  7 orc priests
  An iguana (D:7)
  4 bullfrog skeletons
  10 worker ants
  A hound skeleton (D:8)
  3 hound zombies
  Robin (D:2)
  4 gnolls (D:5)
  2 howler monkey skeletons
  7 adders
  A shadow imp (D:9)
  4 oozes
  2 adder skeletons (D:4)
  A dart slug (D:1)
  3 leopard geckos
  37 orcs
  3 ball pythons
  7 giant cockroaches
  13 goblins
  8 hobgoblins
  14 jackals
  7 quokkas
  17 bats
  A frilled lizard (D:3)
  A jackal skeleton (D:4)
  14 kobolds
  8 rats
307 creatures vanquished.

Vanquished Creatures (others)
  A centaur skeleton (D:5)
  A quokka (D:5)
2 creatures vanquished.

Grand Total: 309 creatures vanquished

Notes
Turn   | Place    | Note
-------+----------+-------------------------------------------
     0 | D:1      | MajorAdolf the Minotaur Fighter began the quest for the
                  | Orb.
     0 | D:1      | Reached XP level 1. HP: 19/19 MP: 0/0
   480 | D:1      | Reached XP level 2. HP: 26/27 MP: 1/1
   884 | D:2      | Noticed Robin
   892 | D:2      | Reached XP level 3. HP: 25/33 MP: 2/2
   900 | D:2      | Reached skill level 3 in Axes
   902 | D:2      | Killed Robin
  1241 | D:2      | Reached XP level 4. HP: 40/40 MP: 3/3
  1384 | D:2      | Found a shimmering blue altar of Sif Muna.
  1847 | D:3      | Found a shattered altar of Ashenzari.
  1910 | D:3      | Reached skill level 4 in Axes
  1952 | D:3      | Found a hide-covered altar of Uskayaw.
  2085 | D:3      | Found a snail-covered altar of Cheibriados.
  2574 | D:4      | Reached XP level 5. HP: 33/46 MP: 4/4
  2602 | D:4      | Reached skill level 5 in Axes
  2607 | D:4      | Noticed a phantom
  2799 | D:4      | Found a glowing drain.
  2801 | D:4      | Noticed Blork the orc
  2810 | D:4      | Killed Blork the orc
  2810 | D:4      | Reached skill level 5 in Armour
  2810 | D:4      | Reached skill level 5 in Shields
  2810 | D:4      | Reached XP level 6. HP: 26/53 MP: 5/5
  2812 | Sewer    | Entered a sewer
  2989 | Sewer    | Noticed Purgy
  2998 | Sewer    | Killed Purgy
  3181 | D:4      | Reached skill level 6 in Axes
  3200 | D:4      | Reached XP level 7. HP: 8/60 MP: 6/6
  3634 | D:4      | Reached skill level 5 in Fighting
  3634 | D:4      | Reached skill level 7 in Axes
  3980 | D:5      | Entered Level 5 of the Dungeon
  3988 | D:5      | Found a white marble altar of Elyvilon.
  4053 | D:5      | Noticed Pikel
  4355 | D:5      | Found an iron altar of Okawaru.
  4452 | D:5      | Reached skill level 8 in Axes
  4452 | D:5      | Reached XP level 8. HP: 68/68 MP: 7/7
  4519 | D:5      | Killed Pikel
  4519 | D:5      | Reached skill level 9 in Axes
  4850 | D:5      | Found a sacrificial altar of Ru.
  5384 | D:6      | Found a staircase to the Ecumenical Temple.
  5393 | Temple   | Entered the Ecumenical Temple
  5871 | D:6      | Reached XP level 9. HP: 75/75 MP: 8/8
  5878 | D:6      | Reached skill level 10 in Axes
  6000 | D:6      | Found an ancient bone altar of Kikubaaqudgha.
  6709 | D:8      | Found a glowing golden altar of the Shining One.
  6718 | D:8      | Reached skill level 11 in Axes
  6848 | D:8      | Found a glowing golden altar of the Shining One.
  6880 | D:8      | Found a burning altar of Makhleb.
  6897 | D:8      | Became a worshipper of Makhleb the Destroyer
  7228 | D:9      | Noticed Prince Ribbit
  7238 | D:9      | Reached skill level 1 in Invocations
  7252 | D:9      | Killed Prince Ribbit
  7252 | D:9      | Reached skill level 1 in Dodging
  7252 | D:9      | Reached XP level 10. HP: 44/86 MP: 9/9
  7918 | D:9      | Reached * piety under Makhleb
  8151 | D:9      | Noticed Psyche
  8165 | D:9      | Killed Psyche
  8165 | D:9      | Reached skill level 12 in Axes
  8198 | D:9      | Found a bloodstained altar of Trog.
  8198 | D:9      | Found a blossoming altar of Fedhas.
  8200 | D:9      | Found a hazy altar of Hepliaklqana.
  8202 | D:9      | Found an opulent altar of Gozag.
  8251 | D:10     | Entered Level 10 of the Dungeon
  8267 | D:10     | Noticed a gargoyle
  8268 | D:10     | Noticed Erica
  8273 | D:10     | Killed a gargoyle
  8282 | D:10     | Killed Erica
  8634 | D:10     | Noticed a two-headed ogre
  8646 | D:10     | Killed a two-headed ogre
  8992 | D:10     | Noticed Nergalle
  9016 | D:10     | Killed Nergalle
  9016 | D:10     | Reached XP level 11. HP: 64/95 MP: 12/12
  9755 | D:11     | Noticed a centaur warrior
  9769 | D:11     | Killed a centaur warrior
  9829 | D:11     | Noticed a five-headed hydra
 10004 | D:11     | Reached ** piety under Makhleb
 10169 | D:11     | Found a staircase to the Lair.
 10197 | D:11     | Reached skill level 10 in Shields
 10531 | D:11     | Reached skill level 10 in Armour
 10569 | D:11     | Noticed a white ugly thing
 10585 | D:11     | Killed a white ugly thing
 10585 | D:11     | Reached skill level 5 in Dodging
 11462 | D:12     | Reached *** piety under Makhleb
 11687 | D:12     | Reached skill level 5 in Invocations
 12282 | D:12     | Noticed Jorgrun
 12304 | D:12     | HP: 4/97 [electric eel/bolt of electricity (4)]
 12305 | D:12     | Killed from afar by an electric eel

Levels and vault maps discovered:
D:1:      sevenhm_arrival_forest_fort_large_2, layout_basic,
          serial_bayou_pond_b, minmay_hexomino_u4
D:2:      layout_loops_ring, serial_forest, infiniplex_forest_lined_room_2,
          infiniplex_forest_side_room, infiniplex_forest_lined_2,
          infiniplex_forest_end_1, infiniplex_forest_straight_2,
          lemuel_blue_sif_altar, uniq_robin
D:3:      layout_loops_corners, overflow_temple_1_default,
          nicolae_ashenzari_panopticon, eat_drink_and_be_merry_uskayaw,
          minmay_misc_feat_enclosed
D:4:      layout_loops_ring, portal_sewer_entry_a, first_ration,
          uniq_blork_the_orc
D:5:      layout_loops_ring, kennysheep_little_box, elyvilon_altar_4,
          okawaru_ov_weapons_minmay, uniq_pikel
D:6:      layout_loops_corners, kennysheep_mini_moat, minmay_temple_entry_glass,
          kennysheep_generic_room_2
D:7:      layout_rooms
D:8:      layout_basic, lemuel_round_altar, tso_altar, basic_altar
D:9:      layout_loops_ring, minitemple, the_bakery, uniq_prince_ribbit1,
          uniq_psyche
D:10:     layout_basic, uniq_nergalle, uniq_erica
D:11:     layout_long_grid, erik_lair_island, orc_0_dummy, serial_shops, shop
D:12:     layout_basic, kennysheep_pointless_box, minivault_1,
          serial_bayou_ford_a, water_boxes_lemuel, uniq_jorgrun, uniq_snorg
Temple:   compressed_dpeg_triangle_lava_temple

Skill      XL: |  1  2  3  4  5  6  7  8  9 10 11 |
---------------+----------------------------------+-----
Armour         | 4 5 6 7 8 9 10 | 10.3
Shields        | 4 5 6 7 8 9 10 | 10.4
Fighting       | 4 5 6 7 8 9 |  9.5
Axes           | 3 4 5 6 8 9 11 12 | 12.9
Invocations    | 1 3 5 |  5.1
Dodging        | 1 4 5 |  5.5

Action                   |  1- 3 |  4- 6 |  7- 9 | 10-12 || total
-------------------------+-------+-------+-------+-------++-------
Melee: War axe           |   112 |   137 |   324 |   489 ||  1062
       Headbutt          |    16 |    19 |    70 |   101 ||   206
Invok: Minor Destruction |       |       |       |    13 ||    13
  Use: Scroll            |       |     3 |     7 |     2 ||    12
       Potion            |       |     3 |       |     2 ||     5
 Stab: Distracted        |       |       |       |     1 ||     1
  Eat: Chunk             |     1 |     7 |    11 |    18 ||    37
Armor: Scale mail        |    58 |    74 |   116 |   143 ||   391
       Skin              |       |     2 |       |     5 ||     7
Dodge: Dodged            |    36 |    59 |    88 |   160 ||   343
Block: Shield            |    60 |    99 |   171 |   268 ||   598
